Map: Pillars of Gold LE

Players

NXZ

  • Race: Zerg Zerg
  • Spawn Location: 1:00

Probe - Winner!

  • Race: Protoss Protoss
  • Spawn Location: 7:00

Event: DreamHack SC2 Masters 2020 Summer Oceania RoA

VOD

Have the link to the VOD?

Description

Time

  • Played on: June 26, 2020, 5:39 a.m.
  • Length: 15:12

All games in this series

Show
View Real Time Build Order
Export as new Build Order

NXZ Zerg 

Build Orders: Hatch First, Swarm Host 

Get SALT Encoding   

  12  0:01  Drone  
  13  0:12  Overlord  
  13  0:18  Drone  
  14  0:30  Drone x2  
  16  0:49  Hatchery  
  15  0:52  Drone  
  15  0:56  Drone  
  17  1:00  Drone  
  18  1:09  Extractor  
  17  1:15  Spawning Pool  
  16  1:19  Drone  
  16  1:22  Drone  
  18  1:28  Drone  
  19  1:41  Drone  
  20  1:50  Overlord  
  20  2:01  Queen  
  20  2:02  Zergling x2  
  20  2:03  Queen  
  20  2:05  Zergling x2  
  26  2:11  Metabolic Boost  
  26  2:14  Drone  
  27  2:17  Drone  
  27  2:22  Drone  
  29  2:23  Drone  
  30  2:40  Hatchery  
  30  2:43  Drone  
  30  2:45  Drone  
  30  2:49  Overlord  
  31  2:52  Drone  
  31  2:55  Drone  
  31  2:57  Drone  
  34  3:04  Queen  
  36  3:09  Overlord  
  36  3:13  Drone  
  36  3:16  Drone x2  
  36  3:17  Drone  
  36  3:19  Drone  
  41  3:21  Drone  
  42  3:30  Overlord  
  42  3:31  Drone x3  
  45  3:41  Spore Crawler  
  44  3:43  Spore Crawler  
  44  3:46  Drone  
  44  3:47  Queen  
  46  3:49  Drone x2  
  46  3:50  Drone  
  46  3:52  Drone  
  46  3:53  Drone  
  46  3:55  Drone  
  52  3:58  Drone  
  53  4:03  Drone x2  
  53  4:05  Drone  
  53  4:07  Drone  
  53  4:08  Drone, Spore Crawler  
  57  4:12  Overlord  
  57  4:15  Overlord  
  57  4:22  Drone  
  58  4:25  Roach Warren  
  58  4:27  Drone  
  58  4:29  Overlord  
  58  4:31  Extractor  
  57  4:32  Lair, Extractor  
  57  4:34  Drone x2  
  57  4:35  Drone  
  57  4:38  Zergling x4  
  61  4:42  Overlord  
  61  4:44  Zergling x4  
  63  4:48  Zergling x4  
  65  4:57  Overlord x2  
  62  5:08  Drone x9  
  62  5:11  Evolution Chamber  
  70  5:17  Drone  
  70  5:18  Drone x2  
  73  5:23  Drone  
  74  5:31  Glial Reconstitution  
  74  5:32  Drone x9  
  74  5:34  Drone  
  74  5:35  Extractor  
  83  5:36  Extractor  
  83  5:37  Zerg Missile Weapons Level 1, Overlord  
  82  5:49  Overlord  
  82  5:50  Extractor  
  82  5:51  Roach x2, Infestation Pit  
  82  5:54  Roach  
  82  5:56  Roach  
  88  5:59  Roach x2  
  88  6:00  Roach x4  
  88  6:03  Roach x2  
  104  6:09  Drone x2  
  104  6:10  Roach x2  
  108  6:14  Overlord  
  108  6:28  Hatchery, Swarm Host x3  
  108  6:30  Swarm Host  
  108  6:32  Nydus Network  
  118  6:33  Swarm Host  
  118  6:38  Roach x2  
  118  6:39  Roach  
  126  6:42  Roach  
  126  6:45  Roach  
  126  6:46  Overlord  
  130  6:47  Overlord  
  130  7:05  Ravager x3  
  130  7:07  Swarm Host x3  
  142  7:11  Zergling x8  
  142  7:14  Overlord x2  
  142  7:15  Overlord x2  
  146  7:16  Overlord x2  
  144  7:33  Nydus Canal  
  144  7:41  Swarm Host x6  
  144  7:44  Drone x4  
  164  7:45  Roach x4  
  164  7:47  Zergling x2  
  164  7:48  Zergling x6  
  180  7:51  Roach x2  
  180  7:56  Roach x2  
  186  8:01  Overlord x2  
  173  8:14  Zergling x8  
  173  8:15  Zergling x16  
  175  8:20  Nydus Canal  
  175  8:25  Roach x4  
  177  8:28  Roach  
  177  8:32  Zerg Missile Weapons Level 2  
  177  8:33  Roach  
  169  8:43  Zergling x6  
  169  8:44  Zergling x2  
  169  8:47  Roach  
  169  8:48  Roach  
  162  8:52  Roach  
  154  8:55  Roach  
  154  8:56  Roach x9  
  154  8:57  Nydus Canal  
  154  8:58  Roach  
  171  9:04  Roach x2  
  171  9:06  Roach  
  171  9:08  Ravager x5  
  181  9:11  Roach x2  
  185  9:18  Nydus Canal  
  185  9:19  Roach x3  
  185  9:22  Zergling x2  
  189  9:24  Overseer  
  178  9:35  Roach x5  
  178  9:36  Roach x3  
  179  9:39  Nydus Canal  
  179  9:41  Zergling x12  
  179  9:42  Zergling x2  
  179  9:43  Zergling x4  
  179  9:49  Zergling x2  
  180  9:56  Nydus Canal  
  180  10:03  Zergling x24  
  191  10:10  Zergling x2  
  191  10:11  Zergling x8  
  160  10:29  Drone x4  
  160  10:30  Drone x3  
  163  10:39  Roach x10  
  181  10:43  Nydus Canal  
  181  10:52  Roach  
  181  10:53  Roach x3  
  189  10:59  Nydus Canal  
  189  11:07  Roach  
  189  11:08  Roach x4  
  191  11:20  Roach  
  191  11:21  Roach x5  
  180  11:27  Zergling x14  
  169  11:35  Ravager  
  169  11:36  Ravager x13  
  183  11:42  Zergling x14  
  183  11:43  Zergling x6  
  193  11:49  Hatchery  
  192  12:00  Zergling x12  
  191  12:03  Hatchery  
  176  12:10  Zergling x4  
  175  12:20  Ravager x4  
  175  12:21  Ravager  
  177  12:31  Nydus Canal  
  177  12:35  Zergling x2  
  177  12:36  Zergling x22  
  189  12:38  Zerg Melee Weapons Level 1  
  189  12:40  Zergling x2  
  185  12:51  Drone x3  
  183  12:59  Zergling x2  
  183  13:00  Zergling x16  
  189  13:11  Zergling x8  
  168  13:21  Roach x4  
  168  13:25  Hatchery  
  158  13:35  Roach x6  
  158  13:38  Roach  
  161  14:01  Roach x6  
  165  14:09  Zergling x12  
  171  14:18  Zergling x4  
  171  14:20  Ravager x6  
  171  14:21  Ravager  
  168  14:33  Zergling x2  
  168  14:34  Zergling x2  
  155  14:47  Roach  
  155  14:48  Roach x4  
Show
View Real Time Build Order
Export as new Build Order

Probe Protoss - Winner!

Build Orders: 1 Gate Expand, Oracle Opening, Archon Immortal 

Get SALT Encoding   

  12  0:00  Probe  
  13  0:13  Probe  
  14  0:20  Pylon  
  14  0:25  Probe  
  15  0:29  Assimilator  
  15  0:34  Probe  
  16  0:44  Probe  
  16  0:45  Gateway  
  17  0:54  Probe  
  18  1:07  Probe  
  19  1:19  Probe  
  20  1:28  Nexus  
  20  1:38  Cybernetics Core  
  20  1:41  Probe  
  21  1:49  Assimilator  
  21  1:53  Probe  
  22  1:56  Pylon  
  22  2:04  Adept, Probe  
  23  2:13  Probe  
  25  2:20  Stargate  
  25  2:21  Probe  
  26  2:28  Warp Gate  
  27  2:34  Probe  
  28  2:37  Stalker, Probe  
  31  2:45  Probe  
  31  2:46  Probe  
  33  2:55  Probe  
  34  2:58  Probe  
  34  3:03  Oracle  
  35  3:08  Probe  
  35  3:10  Probe  
  40  3:14  Pylon  
  40  3:20  Probe  
  40  3:22  Probe  
  42  3:30  Gateway  
  42  3:31  Oracle  
  42  3:32  Probe  
  43  3:35  Probe  
  43  3:41  Assimilator  
  47  3:44  Assimilator, Probe  
  47  3:47  Probe  
  49  3:48  Pylon  
  49  3:56  Probe  
  49  3:59  Probe  
  49  4:00  Phoenix  
  51  4:08  Probe  
  54  4:11  Robotics Facility, Probe  
  55  4:17  Adept, Pylon  
  55  4:20  Probe  
  55  4:23  Probe  
  59  4:25  Adept  
  61  4:32  Probe  
  61  4:35  Probe  
  63  4:44  Nexus, Probe  
  64  4:47  Probe, Pylon  
  64  4:52  Sentry x2  
  69  4:56  Probe, Pylon  
  70  5:05  Observer, Probe  
  72  5:11  Twilight Council  
  72  5:12  Forge  
  72  5:16  Immortal  
  72  5:17  Probe  
  72  5:18  Shield Battery  
  72  5:21  Pylon  
  73  5:25  Probe  
  73  5:27  Protoss Ground Weapons Level 1  
  78  5:35  Probe  
  79  5:36  Gateway  
  79  5:37  Gateway, Charge  
  79  5:40  Probe  
  80  5:47  Probe  
  81  5:52  Probe  
  81  5:53  Immortal  
  81  5:55  Pylon  
  82  5:58  Probe  
  82  5:59  Probe  
  82  6:04  Probe  
  88  6:10  Probe  
  89  6:13  Templar Archives  
  89  6:20  Zealot x2  
  89  6:23  Probe x3  
  96  6:26  Immortal  
  96  6:33  Assimilator x2  
  96  6:35  Probe  
  96  6:37  Shield Battery  
  96  6:38  Shield Battery  
  96  6:39  Probe  
  102  6:42  Zealot x2  
  106  6:50  Zealot x2  
  110  6:57  Gateway  
  110  6:59  Gateway  
  110  7:01  Pylon  
  110  7:06  Gateway  
  110  7:07  Gateway, High Templar x2  
  114  7:10  Immortal  
  114  7:16  Archon  
  114  7:17  Zealot  
  114  7:21  Pylon, Robotics Facility  
  120  7:27  Protoss Ground Weapons Level 2  
  120  7:29  Zealot  
  118  7:38  Shield Battery  
  118  7:39  Pylon  
  118  7:41  Pylon x3  
  116  7:47  Probe x2  
  118  7:56  Zealot  
  118  7:57  Zealot x3  
  120  8:02  Immortal  
  123  8:05  Sentry  
  123  8:06  Zealot x3  
  123  8:11  Probe  
  122  8:18  Zealot x4  
  123  8:21  Probe  
  123  8:29  Zealot x2  
  126  8:39  Zealot x3  
  130  8:41  Immortal  
  130  8:45  Immortal  
  132  8:49  Zealot  
  120  8:57  High Templar  
  120  8:58  High Templar x3  
  124  9:03  Archon  
  124  9:04  Archon, High Templar x3  
  124  9:09  Archon  
  128  9:11  Shield Battery  
  128  9:12  Shield Battery  
  128  9:13  Shield Battery  
  128  9:21  Immortal  
  132  9:28  Zealot  
  130  9:34  Immortal  
  130  9:36  Zealot x7  
  140  9:52  Immortal, Zealot  
  140  10:05  Zealot x4  
  140  10:06  Zealot x2  
  156  10:14  Immortal  
  156  10:20  Protoss Ground Weapons Level 3  
  154  10:36  High Templar x4  
  154  10:37  High Templar  
  154  10:41  Archon x2  
  156  10:45  Nexus  
  156  10:47  Archon  
  156  10:48  Zealot  
  156  10:49  Zealot x2  
  160  10:54  Pylon x3  
  160  10:59  Immortal  
  160  11:00  Observer  
  159  11:16  Zealot x7  
  173  11:23  Probe  
  147  11:34  High Templar  
  147  11:39  Immortal  
  153  11:40  Warp Prism  
  153  11:42  High Templar x7  
  168  11:47  Pylon  
  168  11:48  Archon x2  
  168  11:49  Archon  
  168  11:50  Pylon  
  168  11:51  Archon  
  162  12:09  Zealot  
  162  12:15  Zealot x5  
  158  12:16  Immortal, Zealot x2  
  158  12:20  Immortal  
  168  12:27  Probe x4  
  170  12:58  Zealot x8  
  178  13:04  Immortal, Observer  
  191  13:06  Probe x2  
  175  13:20  Zealot x4  
  175  13:21  Zealot x2  
  175  13:22  Zealot x2  
  191  13:31  Immortal  
  185  13:42  High Templar x5  
  185  13:43  High Templar x2  
  185  13:48  Archon x3  
  191  13:49  High Templar  
  191  13:57  Archon  
  191  13:58  Immortal  
  191  14:01  Immortal  
  183  14:11  Assimilator  
  183  14:13  Assimilator  
  183  14:23  Zealot  
  183  14:24  Zealot x7  
  199  14:37  Observer  
  186  14:58  Zealot x2  
  186  14:59  Zealot x6  
  188  15:11  Nexus  
Tags
 
Add a new tag
Caveats
  • Supply blocks, unpowered buildings, or Contaminate may cause inaccurate times.
  • Supply counts are checked every 10 seconds.